 Dungeon Sprint DCSS version 0.29.1-2-gbd0b4ee654 (webtiles) character file.

Game seed: 8054580179294426936

2093 Groucho the Unseen (level 9, -1/49 HPs)
             Began as a Spriggan Enchanter on Nov 8, 2022.
             Slain by Menkaure (19 damage)
             ... in the Dungeon (Sprint II: "The Violet Keep of Menkaure").
             The game lasted 00:05:31 (449 turns).

Groucho the Unseen (Spriggan Enchanter)              Turns: 449, Time: 00:05:32

Health: -1/49      AC:  7    Str:  8    XL:     9   Next: 7%
Magic:  16/24      EV: 18    Int: 16    God:
Gold:   180        SH:  0    Dex: 16    Spells: 15/29 levels left

rFire   . . .      SeeInvis +   a - +1 dagger
rCold   . . .      Faith    .   (no shield)
rNeg    + . .      Spirit   .   k - +2 robe {rN+}
rPois   .          Reflect  .   (helmet restricted)
rElec   .          Harm     .   j - +2 cloak {rCorr}
rCorr   +          Rampage  .   (gloves unavailable)
Will    +....      NoTele   +   (boots unavailable)
Stlth   +++++++...              (no amulet)
HPRegen 0.16/turn               (no ring)
MPRegen 0.19/turn               (no ring)

@: confusing by touch, slowed, quick
A: very small, no large weapons, unfitting armour, see invisible, speed 3
a: no special abilities


You were in the Dungeon.
You visited 1 branch You collected 972 gold pieces.
You spent 792 gold pieces at shops.

Inventory:

Hand Weapons
 a - a +1 dagger (weapon)
Armour
 j - a +2 cloak of preservation (worn)
 k - a +2 robe of positive energy (worn)
Scrolls
 i - a scroll of blinking
Potions
 c - 2 potions of invisibility
 d - a potion of curing
 e - a potion of heal wounds
 f - a potion of flight
 g - 2 potions of magic
 h - a potion of berserk rage


   Skills:
 + Level 6.3 Fighting
 + Level 8.5 Short Blades
 + Level 3.5 Dodging
 + Level 18.7 Stealth
 + Level 10.5 Spellcasting
 * Level 1.1 Conjurations
 + Level 11.0 Hexes
 * Level 1.3 Earth Magic


You had 15 spell levels left.
You knew the following spells:

 Your Spells              Type           Power      Damage    Failure   Level
a - Ensorcelled Hibernat  Hex/Ice        52%        N/A       1%          2
b - Confusing Touch       Hex            43%        N/A       1%          3
c - Dazzling Flash        Conj/Hex       54%        N/A       2%          3
d - Tukima's Dance        Hex            43%        N/A       1%          3
e - Stone Arrow           Conj/Erth      24%        3d8       16%         3

Your spell library contained the following spells:

 Spells                   Type           Power      Damage    Failure   Level
 Sandblast                Erth           24%        2d8       4%          1
 Passwall                 Tmut/Erth      8%         N/A       10%         2


Dungeon Overview and Level Annotations

Branches:
Dungeon (1/1)

Altars:
Cheibriados
Dithmenos
Elyvilon
Fedhas
Hepliaklqana
Kikubaaqudgha
Makhleb
Nemelex Xobeh
Qazlal
Ru
Sif Muna
Trog
Uskayaw
Vehumet
Wu Jian
Xom
Yredelemnul
Zin
The Shining One
Jiyva
Lugonu

Shops:
D :=([![=[:[=!(!?

Annotations:
D exclusion: oklob plant, Menkaure


Innate Abilities, Weirdness & Mutations

You are very small and have problems with some larger weapons.
You are too small for most types of armour.
You have supernaturally acute eyesight. (SInv)
You cover ground extremely quickly. (Speed+++)


Message History

Confirm with . or Enter, or press ? or * to list all spells.
Your hands begin to glow red.
The polar bear closely misses you.
The polar bear claws you but does no damage.
The polar bear completely misses you.
You barely miss the polar bear. The polar bear closely misses you.
The polar bear completely misses you.
The polar bear claws you but does no damage.
The polar bear bites you but does no damage.
The polar bear barely misses you.
The polar bear claws you but does no damage.
You barely miss the polar bear. You barely miss the polar bear.
The polar bear barely misses you. The polar bear closely misses you.
The polar bear misses you. The polar bear closely misses you.
The polar bear claws you. The polar bear closely misses you.
You hit the polar bear but do no damage.
The polar bear appears confused.
Menkaure rustles in an indecipherable tongue.
Casting: Confusing Touch (safe; 1% risk of failure)
Confirm with . or Enter, or press ? or * to list all spells.
Your hands begin to glow red.
The polar bear closely misses you.
The polar bear claws you but does no damage. x2
The yaktaur completely misses you.
You hit the polar bear but do no damage.
The hornet barely misses you. The polar bear misses you.
The polar bear closely misses you.
The polar bear claws you but does no damage.
The yaktaur hits you.
You hit the polar bear but do no damage.
The hornet misses you.
The polar bear bites you but does no damage.
The polar bear barely misses you. The polar bear closely misses you.
The yaktaur hits you.
You hit the polar bear but do no damage.
The hornet barely misses you.
You hit the polar bear but do no damage.
The hornet stings you!
You feel yourself slow down. The yaktaur hits you. The polar bear misses you.
The polar bear closely misses you. The polar bear misses you.
Menkaure hits you!!
You die...

.# .#### .### .## ...#
...# ..# ###..## #^.# #
#'###.##..# +.^# .#
#.##...#..# #.^# .# [
.<.'.#.'..### ..##.# !)?
#.##.).#....###h..##▓▓▓▓
#'###.##......~cyh~~~~~~
.#.####~~.....~#@#######
.#..#~~~~~~§§§~#.M_._._.
.#.##~~~~~~~~.§#._._._..
#+##~~~≈§≈~~§~~#_._._._.
~~~~§§§§≈~~~#._._._._
++#~§≈≈≈≈≈§§#.._._._.
#≈≈§###≈§#..._._._
#§§#...._._.


You could see 2 polar bears, a yaktaur, a hornet and Menkaure.

Vanquished Creatures
  2 boulder beetles (D)
  A merfolk siren (D)
  A polar bear (D)
  A water moccasin (D)
  4 necrophages (D)
  2 worms (D)
11 creatures vanquished.

Vanquished Creatures (others)
  A water moccasin (D)
1 creature vanquished.

Grand Total: 12 creatures vanquished

Notes
Turn   | Place    | Note
-------+----------+-------------------------------------------
     0 | D        | Groucho the Spriggan Enchanter began the quest for the Orb.
     0 | D        | Reached XP level 1. HP: 9/9 MP: 5/5
     3 | D        | Noticed a necrophage
     3 | D        | Noticed a necrophage
     3 | D        | Noticed a necrophage
     3 | D        | Noticed a necrophage
    12 | D        | Killed a necrophage
    13 | D        | Reached skill level 9 in Stealth
    13 | D        | Reached skill level 5 in Spellcasting
    13 | D        | Reached skill level 5 in Hexes
    13 | D        | Reached XP level 2. HP: 13/13 MP: 6/9
    13 | D        | Reached XP level 3. HP: 16/16 MP: 6/10
    15 | D        | Killed a necrophage
    16 | D        | Reached skill level 1 in Fighting
    16 | D        | Reached skill level 10 in Stealth
    16 | D        | Reached XP level 4. HP: 22/22 MP: 6/12
    20 | D        | Killed a necrophage
    21 | D        | Reached skill level 11 in Stealth
    21 | D        | Reached XP level 5. HP: 26/26 MP: 6/14
    30 | D        | Reached skill level 12 in Stealth
    46 | D        | Noticed a merfolk siren
    49 | D        | Killed a merfolk siren
    50 | D        | Reached skill level 5 in Short Blades
    50 | D        | Reached skill level 15 in Stealth
    50 | D        | Reached XP level 6. HP: 20/33 MP: 9/18
    50 | D        | Reached XP level 7. HP: 23/37 MP: 9/19
    54 | D        | Noticed a boulder beetle
    54 | D        | Noticed a boulder beetle
    60 | D        | Killed a boulder beetle
    61 | D        | Reached skill level 5 in Fighting
    61 | D        | Reached skill level 17 in Stealth
    61 | D        | Reached XP level 8. HP: 28/44 MP: 10/22
    71 | D        | Learned a level 2 spell: Ensorcelled Hibernation
    75 | D        | Learned a level 3 spell: Confusing Touch
    79 | D        | Learned a level 3 spell: Dazzling Flash
    83 | D        | Learned a level 3 spell: Tukima's Dance
    94 | D        | Killed a boulder beetle
    95 | D        | Reached skill level 18 in Stealth
    95 | D        | Reached skill level 10 in Spellcasting
    95 | D        | Reached skill level 10 in Hexes
   181 | D        | Found Ongudac's Magic Scroll Shop.
   181 | D        | Found Beavago's Distillery.
   181 | D        | Found Vyshaq's Jewellery Shop.
   181 | D        | Found Jaidi's Armour Shop.
   181 | D        | Found Oduom's Antique Armour Shop.
   181 | D        | Found Wyrrure's Jewellery Boutique.
   182 | D        | Found Peiniddo's Antique Armour Boutique.
   182 | D        | Found Pyonelack's Distillery.
   182 | D        | Found Baezug's Armour Boutique.
   182 | D        | Found Ziashie's Weapon Shop.
   183 | D        | Found Tuhoriss's Antique Weapon Shop.
   183 | D        | Found Byhadila's Jewellery Boutique.
   184 | D        | Found Arroun's Distillery.
   184 | D        | Found Naec's Book Shop.
   320 | D        | Noticed a death yak
   320 | D        | Noticed an oklob plant
   321 | D        | Found Lyafiapp's Book Shoppe.
   322 | D        | Noticed a fire dragon
   341 | D        | Bought a book of Geomancy for 216 gold pieces
   345 | D        | Learned a level 3 spell: Stone Arrow
   370 | D        | Bought a potion of invisibility for 88 gold pieces
   371 | D        | Noticed an ice dragon
   374 | D        | Bought a potion of flight for 33 gold pieces
   375 | D        | Bought a +2 cloak of preservation for 279 gold pieces
   385 | D        | Bought a +2 robe of positive energy for 176 gold pieces
   427 | D        | Found a hazy altar of Hepliaklqana.
   427 | D        | Found a snail-covered altar of Cheibriados.
   428 | D        | Found a stormy altar of Qazlal.
   428 | D        | Found a viscous altar of Jiyva.
   428 | D        | Found a shadowy altar of Dithmenos.
   429 | D        | Found a sacrificial altar of Ru.
   429 | D        | Found an ancient bone altar of Kikubaaqudgha.
   429 | D        | Found a white marble altar of Elyvilon.
   430 | D        | Found an ornate altar of the Wu Jian Council.
   430 | D        | Found a shimmering blue altar of Sif Muna.
   430 | D        | Found a corrupted altar of Lugonu.
   431 | D        | Found a shimmering altar of Xom.
   431 | D        | Found a bloodstained altar of Trog.
   431 | D        | Found a burning altar of Makhleb.
   432 | D        | Found a glowing golden altar of the Shining One.
   432 | D        | Found a basalt altar of Yredelemnul.
   432 | D        | Found a hide-covered altar of Uskayaw.
   433 | D        | Found a glowing silver altar of Zin.
   433 | D        | Found a radiant altar of Vehumet.
   433 | D        | Found a blossoming altar of Fedhas.
   433 | D        | Found a sparkling altar of Nemelex Xobeh.
   433 | D        | Noticed a hornet
   433 | D        | Noticed a polar bear
   433 | D        | Noticed Menkaure
   433 | D        | Noticed a polar bear
   433 | D        | Noticed a yaktaur
   434 | D        | Noticed a polar bear
   439 | D        | Killed a polar bear
   440 | D        | Reached skill level 1 in Conjurations
   440 | D        | Reached skill level 1 in Earth Magic
   440 | D        | Reached XP level 9. HP: 48/49 MP: 20/24
   449 | D        | Slain by Menkaure

Illustrated notes

Levels and vault maps discovered:
D:        the_violet_keep_of_menkaure [sprint2_stairs_cluster_1,
          sprint2_shoproom, sprint2_temple, sprint2_basic_supplies,
          sprint2_obstacle_6, sprint2_obstacle_2, sprint2_obstacle_3,
          sprint2_obstacle_7, sprint2_obstacle_1, sprint2_timed_cluster_1,
          sprint2_smallroom_cluster_1, sprint2_smallroom_final_cluster_1,
          sprint2_transparent_cluster_1, sprint2_second_timed_cluster_1,
          sprint2_sniper_area_1, sprint2_heavy_combat_area_1,
          sprint2_mutation_trap_area_1, sprint2_forest_area_1,
          sprint2_light_combat_area_1, sprint2_behind_water_1,
          sprint2_near_end_vault_1]

Skill      XL: |  1  2  3  4  5  6  7  8 |
---------------+-------------------------+-----
Stealth        | 9 10 11 15 17 18 | 18.7
Spellcasting   | 5 6 8 9 10 | 10.5
Hexes          | 5 6 7 8 9 11 | 11.0
Fighting       | 1 2 4 5 6 |  6.3
Short Blades   | 2 3 5 7 8 |  8.5
Dodging        | 3 |  3.5
Conjurations   | 1 |  1.1
Earth Magic    | 1 |  1.3

Action                   |  1- 3 |  4- 6 |  7- 9 || total
-------------------------+-------+-------+-------++-------
Melee: Dagger            |    11 |    16 |    18 ||    45
       Punch             |       |     1 |       ||     1
 Cast: Ensorcelled Hiber |       |       |     6 ||     6
       Confusing Touch   |       |       |     3 ||     3
  Use: Potion            |     2 |       |       ||     2
 Stab: Invisible         |     4 |     2 |     2 ||     8
       Sleeping          |       |     3 |     3 ||     6
       Confused          |       |       |     1 ||     1
Armor: Robe              |       |       |     8 ||     8
Dodge: Dodged            |     5 |     2 |    29 ||    36
